Map: Eternal Empire LE

Players

Ratl

  • Race: Protoss Protoss
  • League: Bronze
  • Spawn Location: 7:00

BISUTV - Winner!

  • Race: Protoss Protoss
  • League: Silver
  • Spawn Location: 1:00

VOD

Have the link to the VOD?

Description

Time

  • Played on: Dec. 23, 2019, 11:48 a.m.
  • Length: 23:02
Show
View Real Time Build Order
Export as new Build Order

Ratl Protoss 

Build Orders:  

Get SALT Encoding   

  12  0:03  Probe  
  13  0:15  Probe  
  14  0:21  Pylon  
  14  0:27  Probe (Chrono Boost)  
  15  0:31  Assimilator  
  15  0:35  Assimilator  
  15  0:40  Probe (Chrono Boost)  
  16  0:47  Probe (Chrono Boost)  
  17  0:54  Gateway  
  17  0:57  Probe  
  18  1:09  Probe  
  19  1:21  Probe, Gateway  
  20  1:33  Probe  
  21  1:47  Probe  
  21  1:51  Cybernetics Core  
  22  1:59  Probe  
  22  2:11  Probe  
  23  2:24  Nexus  
  23  2:28  Pylon  
  23  2:32  Warp Gate (Chrono Boost)  
  23  2:46  Probe, Stalker x2  
  28  2:59  Probe  
  28  3:00  Pylon  
  29  3:11  Probe  
  30  3:18  Stalker x2  
  34  3:23  Probe  
  35  3:35  Probe  
  35  3:36  Probe  
  37  3:47  Probe  
  37  3:48  Probe, Robotics Facility  
  39  3:52  Gateway  
  39  3:57  Stalker  
  39  4:30  Pylon  
  39  4:34  Stalker  
  41  4:39  Pylon  
  41  4:45  Shield Battery  
  41  4:52  Robotics Bay  
  41  4:53  Observer  
  42  5:04  Pylon  
  42  5:09  Gateway  
  42  5:11  Gateway  
  42  5:14  Stalker x3  
  42  5:18  Pylon  
  42  5:20  Pylon  
  42  5:21  Probe (Chrono Boost)  
  50  5:26  Probe (Chrono Boost)  
  50  5:30  Probe (Chrono Boost), Assimilator  
  50  5:34  Probe (Chrono Boost), Assimilator  
  52  5:38  Probe (Chrono Boost)  
  52  5:39  Pylon  
  53  5:45  Probe (Chrono Boost)  
  53  5:47  Forge  
  53  5:49  Forge  
  55  5:51  Probe x2 (Chrono Boost)  
  56  5:58  Pylon  
  56  5:59  Pylon  
  56  6:08  Stalker x3  
  56  6:10  Stalker  
  64  6:14  Stalker  
  66  6:29  Observer  
  67  6:48  Nexus  
  67  6:50  Stalker  
  67  6:51  Stalker  
  71  6:56  Pylon  
  71  7:00  Pylon  
  71  7:02  Protoss Ground Armor Level 1 (Chrono Boost)  
  71  7:03  Pylon  
  71  7:06  Assimilator  
  71  7:07  Protoss Ground Weapons Level 1 (Chrono Boost)  
  71  7:10  Assimilator  
  71  7:30  Probe (Chrono Boost)  
  71  7:31  Probe (Chrono Boost)  
  73  7:42  Probe (Chrono Boost)  
  74  7:49  Probe (Chrono Boost)  
  74  7:50  Probe (Chrono Boost), Stalker x2  
  74  7:51  Stalker x3  
  84  7:56  Colossus  
  84  7:57  Probe x2  
  94  8:09  Probe (Chrono Boost)  
  94  8:10  Probe (Chrono Boost)  
  96  8:18  Probe (Chrono Boost)  
  100  8:27  Probe x2 (Chrono Boost)  
  100  8:28  Probe (Chrono Boost)  
  100  8:33  Probe x3 (Chrono Boost)  
  103  8:45  Probe  
  104  8:51  Warp Prism  
  105  9:18  Stalker x5  
  105  9:23  Shield Battery  
  115  9:25  Shield Battery  
  115  9:27  Shield Battery  
  115  9:29  Shield Battery  
  115  9:30  Shield Battery  
  115  9:34  Pylon  
  115  9:36  Pylon  
  115  9:43  Pylon, Stalker  
  115  9:44  Stalker x3  
  115  9:45  Pylon, Stalker  
  125  9:49  Shield Battery  
  125  9:52  Shield Battery  
  125  9:55  Shield Battery  
  125  10:01  Gateway x2  
  125  10:04  Gateway  
  125  10:05  Extended Thermal Lance (Chrono Boost)  
  125  10:06  Gateway  
  125  10:07  Twilight Council  
  125  10:10  Gateway  
  125  10:11  Gateway  
  125  10:22  Stalker  
  125  10:23  Stalker x4  
  135  10:50  Protoss Ground Weapons Level 2 (Chrono Boost), Protoss Ground Armor Level 2 (Chrono Boost)  
  135  10:59  Stalker x3  
  135  11:00  Stalker x4  
  149  11:10  Warp Prism  
  151  11:26  Sentry  
  151  11:27  Sentry x3  
  159  11:35  Templar Archives  
  159  11:38  Gravitic Drive  
  159  11:41  Gateway  
  159  11:44  Gateway x2  
  159  11:48  Stalker x3  
  159  11:49  Stalker x2  
  169  12:23  High Templar x4  
  169  12:24  High Templar x4  
  185  12:32  Archon x2  
  185  12:33  Archon  
  185  12:36  High Templar x2  
  189  12:47  Pylon  
  189  12:48  Pylon  
  189  13:30  High Templar  
  189  13:31  High Templar x3, Nexus  
  189  13:32  High Templar  
  189  13:33  Assimilator  
  199  13:36  Psionic Storm  
  199  13:37  Assimilator  
  199  13:39  Protoss Ground Armor Level 3 (Chrono Boost)  
  199  13:40  Charge (Chrono Boost), Pylon  
  199  13:41  Protoss Ground Weapons Level 3 (Chrono Boost)  
  199  13:43  Pylon  
  199  13:47  Pylon  
  199  14:05  Gravitic Boosters  
  199  14:37  Archon  
  199  14:42  Archon  
  61  17:22  Stalker x2  
  59  17:23  Stalker x6  
  59  17:24  Stalker x5  
  59  17:25  Stalker  
  85  17:53  Stalker x6  
  85  17:54  Stalker x3  
  85  17:55  Stalker  
  85  17:56  High Templar x2  
  85  17:57  High Templar x2  
  113  18:02  Archon  
  113  18:03  Archon  
  113  18:30  High Templar x3  
  113  18:31  High Templar  
  113  18:32  High Templar  
  113  18:33  High Templar  
  125  18:35  Stalker  
  125  18:36  Stalker x4  
  125  18:37  Stalker x2  
  125  18:38  Stalker  
  125  18:39  Archon  
  125  18:40  Archon x2  
  141  18:46  Warp Prism  
  143  18:50  Pylon  
  143  18:51  Pylon x2  
  130  20:11  Stalker x4  
  130  20:12  Stalker x3  
  144  20:19  Stalker x4  
  144  20:20  Stalker x3  
  45  21:39  Warp Prism  
  47  21:40  Stalker  
  47  21:42  Stalker x3  
  47  21:43  Stalker x3  
  47  21:44  Stalker x3  
  47  21:45  Stalker x3  
  47  21:46  Stalker  
  75  22:05  Stalker x3  
  75  22:06  Stalker x2  
  85  22:15  Immortal  
  89  22:18  Stalker x2  
  89  22:19  Stalker  
  89  22:20  Stalker x6  
Show
View Real Time Build Order
Export as new Build Order

BISUTV Protoss - Winner!

Build Orders: Carriers 

Get SALT Encoding   

  12  0:01  Probe  
  13  0:13  Probe  
  14  0:22  Pylon  
  14  0:25  Probe (Chrono Boost)  
  15  0:39  Probe (Chrono Boost)  
  16  0:48  Probe  
  17  0:52  Gateway  
  17  0:59  Pylon  
  17  1:01  Probe  
  18  1:16  Probe  
  19  1:19  Assimilator  
  19  1:22  Assimilator  
  19  1:28  Probe  
  20  1:40  Probe  
  20  1:43  Cybernetics Core  
  21  1:49  Pylon  
  21  2:05  Probe  
  22  2:08  Pylon  
  22  2:17  Probe (Chrono Boost)  
  23  2:26  Nexus  
  23  2:27  Probe (Chrono Boost)  
  24  2:32  Probe (Chrono Boost)  
  24  2:35  Stargate  
  25  2:43  Probe (Chrono Boost)  
  26  2:44  Pylon  
  26  2:55  Probe (Chrono Boost)  
  26  2:58  Adept  
  29  3:00  Probe (Chrono Boost)  
  30  3:10  Probe  
  31  3:21  Void Ray  
  31  3:22  Probe  
  36  3:34  Probe  
  36  3:38  Protoss Air Weapons Level 1  
  36  3:39  Probe  
  38  3:46  Probe  
  39  3:51  Probe  
  39  3:54  Assimilator  
  40  3:57  Assimilator  
  40  3:58  Probe  
  40  4:00  Adept  
  43  4:10  Probe, Void Ray  
  48  4:30  Pylon  
  48  4:33  Pylon  
  48  4:35  Pylon  
  49  4:46  Adept  
  49  4:47  Probe (Chrono Boost)  
  49  4:48  Probe (Chrono Boost)  
  52  4:53  Void Ray  
  52  4:57  Probe (Chrono Boost)  
  52  4:59  Probe (Chrono Boost)  
  58  5:02  Probe (Chrono Boost)  
  59  5:08  Probe, Stargate  
  60  5:14  Probe, Pylon  
  60  5:16  Pylon  
  60  5:18  Pylon  
  60  5:20  Probe  
  60  5:21  Pylon  
  62  5:26  Probe  
  63  5:32  Probe  
  64  5:38  Probe  
  64  5:41  Void Ray  
  69  5:46  Probe (Chrono Boost)  
  69  5:47  Protoss Air Armor Level 1  
  70  5:50  Fleet Beacon  
  70  5:51  Probe (Chrono Boost)  
  70  5:57  Void Ray  
  72  6:01  Probe x2 (Chrono Boost)  
  77  6:06  Probe (Chrono Boost)  
  77  6:08  Probe  
  79  6:17  Probe  
  80  6:20  Probe  
  80  6:21  Nexus  
  81  6:31  Void Ray  
  81  6:32  Probe (Chrono Boost)  
  87  6:34  Probe (Chrono Boost)  
  87  6:41  Unknown  
  87  6:43  Probe (Chrono Boost)  
  87  6:45  Probe (Chrono Boost)  
  87  6:46  Pylon  
  89  6:47  Pylon  
  89  6:50  Probe (Chrono Boost)  
  89  6:53  Probe (Chrono Boost)  
  91  6:59  Probe  
  92  7:02  Void Ray  
  92  7:04  Probe  
  97  7:08  Cybernetics Core  
  97  7:10  Forge  
  97  7:11  Probe  
  98  7:21  Void Ray  
  102  7:24  Probe (Chrono Boost)  
  104  7:37  Stargate  
  104  7:41  Probe (Chrono Boost)  
  104  7:42  Pylon, Robotics Facility  
  104  7:46  Pylon  
  104  7:47  Probe (Chrono Boost)  
  104  7:49  Pylon, Void Ray  
  109  7:54  Stargate  
  109  7:57  Stargate  
  109  8:06  Assimilator  
  109  8:09  Probe (Chrono Boost)  
  110  8:13  Assimilator  
  110  8:17  Pylon  
  110  8:18  Probe, Pylon  
  111  8:20  Pylon  
  111  8:25  Void Ray x2  
  119  8:27  Probe  
  119  8:30  Probe, Observer  
  122  8:42  Probe  
  123  8:49  Void Ray x2  
  123  8:51  Observer  
  123  8:54  Probe  
  133  9:06  Probe  
  134  9:25  Observer  
  134  9:27  Carrier x2  
  134  9:31  Probe  
  148  9:52  Nexus  
  148  10:03  Protoss Air Armor Level 2  
  148  10:10  Protoss Air Weapons Level 2  
  148  10:19  Assimilator  
  148  10:24  Assimilator  
  148  10:28  Pylon  
  148  10:29  Pylon  
  148  10:31  Pylon  
  148  10:38  Pylon  
  148  10:44  Protoss Shields Level 1  
  148  10:49  Twilight Council  
  148  11:16  Probe (Chrono Boost)  
  149  11:26  Probe  
  150  11:38  Probe  
  150  11:39  Carrier x3  
  181  11:40  Carrier x2  
  181  11:53  Stargate  
  181  11:56  Stargate  
  181  11:58  Stargate  
  181  12:53  Protoss Air Armor Level 3  
  181  12:55  Protoss Air Weapons Level 3  
  181  12:58  Nexus  
  181  13:01  Carrier  
  181  13:02  Carrier x2  
  199  13:06  Nexus  
  199  13:08  Protoss Shields Level 2  
  199  13:17  Assimilator  
  199  13:23  Assimilator  
  199  13:24  Assimilator  
  199  13:29  Assimilator  
  199  15:54  Stargate  
  199  15:57  Stargate  
  199  16:00  Stargate  
  199  16:05  Stargate  
  199  16:12  Pylon  
  199  16:17  Pylon  
  199  16:22  Protoss Shields Level 3  
  199  16:26  Warp Gate  
  188  17:07  Void Ray x3  
  199  17:30  Nexus  
  192  19:28  Nexus  
  182  20:43  Probe (Chrono Boost)  
  183  20:52  Probe (Chrono Boost)  
  174  21:16  Pylon  
  174  21:18  Pylon  
  174  21:20  Pylon  
  174  21:21  Pylon  
  174  21:29  Assimilator  
  174  21:33  Assimilator  
  174  21:42  Carrier x4  
Tags
 
Composition
Carriers
Matchup
PvP
Spawn Locations
Cross Positions
Add a new tag
Caveats
  • Supply blocks, unpowered buildings, or Contaminate may cause inaccurate times.
  • Supply counts are checked every 10 seconds.